 Dungeon Crawl Stone Soup version 0.30-a0-672-gc3a7216ad8 (webtiles) character file.

Game seed: 12022535952025754543

684 Darius099 the Shield-Bearer (level 7, -1/44 HPs)
             Began as a Gargoyle Fighter on Jan 18, 2023.
             Slain by Eustachio
             ... wielding a +3 falchion of electrocution
              (8 damage)
             ... on level 5 of the Dungeon.
             The game lasted 00:08:56 (3921 turns).

Darius099 the Shield-Bearer (Gargoyle Fighter)      Turns: 3921, Time: 00:08:56

Health: -1/44      AC: 16    Str: 19    XL:     7   Next: 62%
Magic:  7/7        EV:  7    Int:  9    God:
Gold:   341        SH:  5    Dex: 11    Spells: 6/6 levels left

rFire   . . .      SeeInvis .    a - +0 flail
rCold   + . .      Faith    .    c - +0 buckler
rNeg    + . .      Spirit   .    x - +0 chain mail {rC+}
rPois   ∞          Reflect  .    b - +0 hat {Will+}
rElec   +          Harm     .    y - +0 cloak
rCorr   .          Rampage  .    (no gloves)
Will    ++...                    (no boots) Stlth
                                 (no amulet)
HPRegen 0.27/turn                r - ring of willpower
MPRegen 0.10/turn                (no ring)

@: no status effects
A: sickness immunity, AC +4, negative energy resistance 1, electricity
resistance, torment resistance 1, petrification resistance
a: no special abilities


You were on level 5 of the Dungeon.
You visited 1 branch of the dungeon, and saw 5 of its levels.

You collected 341 gold pieces.

Inventory:

Hand Weapons
 a - a +0 flail (weapon)
Armour
 b - a +0 hat of willpower (worn)
 c - a +0 buckler (worn)
 x - a +0 chain mail of cold resistance (worn)
 y - a +0 cloak (worn)
Jewellery
 r - a ring of willpower (left hand)
Wands
 t - a wand of flame (14)
Scrolls
 e - a scroll of magic mapping {unknown}
 g - 3 scrolls of teleportation
 i - a scroll of enchant weapon {unknown}
 k - a scroll of identify
 o - 2 scrolls of poison {unknown}
 p - a scroll of summoning {unknown}
 s - a scroll of blinking {unknown}
 w - a scroll of immolation {unknown}
Potions
 d - 2 potions of might
 f - a potion of resistance {unknown}
 h - 2 potions of heal wounds
 j - 2 potions of lignification
 l - a potion of magic {unknown}
 m - a potion of brilliance {unknown}
 n - 2 potions of mutation
 q - 2 potions of degeneration {unknown}
 u - a potion of curing {unknown}
 v - a potion of flight {unknown}
 z - 2 potions of berserk rage {unknown}


   Skills:
 + Level 5.5 Fighting
 + Level 4.3 Maces & Flails
 + Level 5.4 Armour
 + Level 5.5 Shields


You had 6 spell levels left.
You didn't know any spells.
Your spell library contained the following spells:

 Spells                   Type           Power      Damage    Failure   Level
 Sandblast                Erth           0%         2d4       99%         1
 Passwall                 Tmut/Erth      0%         N/A       100%        2
 Dazzling Flash           Conj/Hex       0%         N/A       100%        3
 Stone Arrow              Conj/Erth      0%         3d7       100%        3
 Iskenderun's Mystic Bla  Conj/Tloc      0%         2d3       100%        4
 Starburst                Conj/Fire      0%         6d3       100%        6


Dungeon Overview and Level Annotations

Branches:
Dungeon (5/15)
 Temple: D:4-7

Altars:
Fedhas
Ru
Sif Muna
Vehumet

Annotations:
D:3 exclusion: oklob plant
D:4 exclusion: statue
D:5 Eustachio


Innate Abilities, Weirdness & Mutations

You are immune to sickness and miasma.
Your stone body is resilient. (AC +4)
You are immune to poison.
You resist negative energy. (rN+)
You are resistant to electric shocks. (rElec)
You are resistant to unholy torment.
You are immune to petrification.


Message History

The iron imp hits you but does no damage.
The ufetubus hits you but does no damage. x2
The quokka bites you but does no damage.
Eustachio calls on the powers of shadow!
Eustachio mumbles some strange words.
Eustachio blinks!
The quokka bites you but does no damage.
The quokka attacks as you move away!
The quokka bites you but does no damage.
The ufetubus disappears in a puff of smoke!
You hit Eustachio.
Eustachio is moderately wounded.
You block the quokka's attack. Eustachio hits you but does no damage.
The ufetubus barely misses you.
The ufetubus hits you but does no damage.
The quokka closely misses you.
You hit Eustachio.
Eustachio is moderately wounded.
The ufetubus hits you but does no damage. x2
You block Eustachio's attack. The rat bites you.
The quokka bites you but does no damage.
You block the ufetubus's attack.
The ufetubus hits you but does no damage.
Eustachio hits you with a +3 falchion of electrocution.
* * * LOW HITPOINT WARNING * * *
The rat bites you but does no damage.
You barely miss Eustachio.
Eustachio is moderately wounded.
You block the ufetubus's attack. The ufetubus closely misses you.
The quokka barely misses you.
Eustachio hits you with a +3 falchion of electrocution.
* * * LOW HITPOINT WARNING * * *
The rat bites you but does no damage. The quokka barely misses you.
You block the ufetubus's attack. The ufetubus hits you.
* * * LOW HITPOINT WARNING * * *
You closely miss Eustachio.
Eustachio is moderately wounded.
The ufetubus disappears in a puff of smoke!
Eustachio hits you with a +3 falchion of electrocution!
You die...

..' ... # ##.#...... ..
§.+...... ####..
###.#...... ... .....
#§......... ...#####..##
#.#..#####.
...........## #.#..#
............###§rr.#####
#.
............'...@@......
###.
..[........)######.####.
.... ............# ...
.. ... ......[.....+
.####. #.. >...........#
#. #.. ...÷........#
#.#######..
...........##
#...?.....< ##...#.###.#
#####.......## #...#.#
.... #.............


You could see Eustachio, a quokka (summoned) and a rat (summoned).

Vanquished Creatures
  3 phantoms
  Blork the orc (D:5)
  A necrophage (D:4)
  2 jellies
  Jessica (D:3)
  An iguana (D:4)
  Natasha (thrice) (D:2)
  4 gnolls
  3 adders
  4 dart slugs
  6 orcs
  7 ball pythons
  3 bats (D:1)
  6 endoplasms
  A giant cockroach (D:2)
  9 goblins
  4 hobgoblins
  3 jackals (D:1)
  2 quokkas
  3 frilled lizards
  6 kobolds
  9 rats (D:2)
82 creatures vanquished.

Vanquished Creatures (others)
  18 toadstools (D:3)
18 creatures vanquished.

Grand Total: 100 creatures vanquished

Notes
Turn   | Place    | Note
-------+----------+-------------------------------------------
     0 | D:1      | Darius099 the Gargoyle Fighter began the quest for the Orb.
     0 | D:1      | Reached XP level 1. HP: 14/14 MP: 1/1
    31 | D:1      | Reached XP level 2. HP: 19/19 MP: 2/2
   423 | D:1      | Reached XP level 3. HP: 23/23 MP: 3/3
   858 | D:2      | Reached XP level 4. HP: 12/29 MP: 4/4
  1109 | D:2      | Noticed Natasha
  1126 | D:2      | Killed Natasha
  1393 | D:2      | Noticed Natasha
  1397 | D:2      | Killed Natasha
  1398 | D:2      | Reached XP level 5. HP: 24/33 MP: 5/5
  1560 | D:2      | Noticed Natasha
  1562 | D:2      | Killed Natasha
  1811 | D:3      | Found a sacrificial altar of Ru.
  1921 | D:3      | Noticed Jessica
  1927 | D:3      | Killed Jessica
  2207 | D:3      | Found a shimmering blue altar of Sif Muna.
  2279 | D:3      | Found a blossoming altar of Fedhas.
  2323 | D:3      | Noticed an oklob plant
  2699 | D:4      | Noticed a phantom
  2712 | D:4      | Killed a phantom
  2713 | D:4      | Reached XP level 6. HP: 27/39 MP: 6/6
  2939 | D:4      | Reached skill level 5 in Fighting
  2959 | D:4      | Reached skill level 5 in Shields
  3214 | D:4      | Reached skill level 5 in Armour
  3214 | D:4      | Reached XP level 7. HP: 44/44 MP: 7/7
  3226 | D:4      | Found a radiant altar of Vehumet.
  3482 | D:5      | Entered Level 5 of the Dungeon
  3583 | D:5      | Noticed Blork the orc
  3597 | D:5      | Killed Blork the orc
  3896 | D:5      | Noticed Eustachio
  3921 | D:5      | Slain by Eustachio

Illustrated notes

Levels and vault maps discovered:
D:1:      ebering_trefoil_twist, layout_basic,
          hangedman_abyss_or_decor_lesser_grid
D:2:      layout_loops_ring, minmay_rat_gold_closets, uniq_natasha
D:3:      layout_rooms, led_sif_book, mainiacjoe_overflow_catwalk, tgw_fedhas,
          bh_walls_and_bars, uniq_jessica
D:4:      layout_loops_cross, vehumet_statue
D:5:      layout_basic, mainiacjoe_overflow_boulevard, uniq_eustachio,
          uniq_blork_the_orc

Skill      XL: |  1  2  3  4  5  6 |
---------------+-------------------+-----
Shields        | 4 5 |  5.5
Fighting       | 4 5 |  5.5
Armour         | 4 5 |  5.4
Maces & Flails | 3 4 |  4.3

Action                   |  1- 3 |  4- 6 |  7- 9 || total
-------------------------+-------+-------+-------++-------
Melee: Flail             |    67 |   178 |    63 ||   308
  Use: Scroll            |       |       |     5 ||     5
Armor: Scale mail        |    39 |    93 |       ||   132
       Chain mail        |       |     7 |    96 ||   103
Dodge: Dodged            |    27 |    56 |    40 ||   123
Block: Buckler           |    23 |    32 |    42 ||    97

Table legend: (Time is in decaauts)
 A = Elapsed time spent in this place.
 B = Non-inter-level travel time spent in this place.
 C = Inter-level travel time spent in this place.
 D = Time resting spent in this place.
 E = Time spent auto-exploring this place.
 F = Levels seen in this place.
 G = Mean time per level.
                   A        B        C        D        E       F      G
               +--------+--------+--------+--------+--------+-----+--------+
         Total |   4008 |   3893 |    115 |    504 |   2427 |   5 |  801.6 |
       Dungeon |   4008 |   3893 |    115 |    504 |   2427 |   5 |  801.6 |
               +--------+--------+--------+--------+--------+-----+--------+

Top non-repeatable levels by time:
     D:2: 1011 daAuts
     D:4: 883 daAuts
     D:1: 847 daAuts
     D:3: 815 daAuts
     D:5: 450 daAuts
